 Dungeon Crawl Stone Soup version 0.15-a0-2374-gaadabb3 (webtiles) character file.

137 Ololoev the Slasher (level 5, -2/39 HPs)
             Began as a Demonspawn Death Knight on Aug 1, 2014.
             Was a Believer of Yredelemnul.
             Slain by a gnoll
             ... wielding a +0 whip
              (10 damage)
             ... on Level 3 of the Dungeon.
             The game lasted 00:10:59 (4027 turns).

Ololoev the Slasher (Demonspawn Death Knight)       Turns: 4027, Time: 00:10:59

HP  -2/39        AC  6     Str 15      XL: 5   Next:  0%
MP   8/8         EV 10     Int 12      God: Yredelemnul [**....]
Gold 160         SH  0     Dex 12      Spells:  0 memorised,  4 levels left

rFire  . . .     SeeInvis .     a - +1 falchion
rCold  . . .     Clarity  +     b - +1 leather armour
rNeg   . . .     rCorr    .     (no shield)
rPois  .         rRot     +     (no helmet)
rElec  .         Spirit   .     (no cloak)
SustAb .         Warding  .     e - +0 pair of gloves
rMut   .         Stasis   .     (no boots)
Gourm  .                        l - amulet of clarity
MR     .....                    (no ring)
                                (no ring)

@: not resistant to hostile enchantments, very unstealthy
A: rugged brown scales 1, foul stench 1, rot immunity
a: Animate Remains, Recall Undead Slaves, Injury Mirror, Renounce Religion


You were on level 3 of the Dungeon.
You worshipped Yredelemnul.
Yredelemnul was pleased with you.
You were not hungry.

You visited 1 branch of the dungeon, and saw 3 of its levels.

You collected 160 gold pieces.

Inventory:

Hand weapons
 a - a +1 falchion (weapon)
Armour
 b - a +1 leather armour (worn)
 e - a +0 pair of gloves (worn)
Magical devices
 n - a wand of teleportation (5)
Comestibles
 c - a fruit
 i - 2 bread rations
Scrolls
 g - a scroll of remove curse
 o - 2 scrolls of identify
Jewellery
 l - an amulet of clarity (around neck)
Potions
 d - a potion of brilliance
 f - a potion of curing


   Skills:
 - Level 2.0 Fighting
 + Level 4.7 Long Blades
 - Level 0.8 Armour
 - Level 0.8 Dodging
 - Level 3.6 Invocations


You had 4 spell levels left.
You didn't know any spells.

Dungeon Overview and Level Annotations

Branches:
Dungeon (3/15)

Altars:
Nemelex Xobeh


Innate Abilities, Weirdness & Mutations

You are partially covered in rugged brown scales (AC +1, +3% HP).
You emit a foul stench.
You are immune to rotting.


Message History

You have reached level 5!
Your demonic ancestry asserts itself...
You begin to emit a foul stench of rot and decay.
You hit the gnoll.
The gnoll is lightly wounded.
The gnoll hits you with a whip!
* * * LOW HITPOINT WARNING * * *
The gnoll looks sick.
You hit the gnoll but do no damage.
The gnoll is lightly wounded.
The gnoll completely misses you.
You closely miss the gnoll.
The gnoll is lightly wounded.
Your gnoll zombie hits the gnoll with a club!
The gnoll closely misses you.
You hit the gnoll.
The gnoll is severely wounded.
The gnoll hits you with a whip!
You die...
Your body rises from the dead as a mindless zombie.

##..#...# #.......# #..##(..#
###.......# ..###.<.#
####.........# ###
##.####....##.....## #
###...)######...####### #
#.########..#........ #
###.####......#........
##......................#
#####..##...####@.##........#
...............)Zg###########
##.Z........###..)....#
#............#........#
.......................#
...........(...#.........
...............#.......##
......................##
......... .....##.....#


You could see a gnoll and a friendly gnoll zombie.

Vanquished Creatures
  A gnoll (D:3)
  5 adders (D:2)
  3 giant geckos
  An ooze (D:2)
  8 giant cockroaches
  10 hobgoblins
  A quokka (D:2)
  6 bats
  A giant newt (D:1)
  6 goblins
  6 kobolds
  An orc skeleton (D:3)
  9 rats
58 creatures vanquished.

Vanquished Creatures (collateral kills)
  An adder (D:3)
  2 gnolls (D:3)
  A giant cockroach (D:2)
  A quokka (D:2)
  A giant newt (D:2)
  A kobold (D:1)
7 creatures vanquished.

Vanquished Creatures (others)
  A giant cockroach zombie (D:1)
  A giant gecko zombie (D:1)
  3 goblin zombies
  3 hobgoblin zombies
  2 kobold zombies
10 creatures vanquished.

Grand Total: 75 creatures vanquished

Notes
Turn   | Place    | Note
--------------------------------------------------------------
     0 | D:1      | Ololoev, the Demonspawn Death Knight, began the quest for the Orb.
     0 | D:1      | Reached XP level 1. HP: 16/16 MP: 2/2
   260 | D:1      | Gained mutation: You are immune to rotting. [demonic ancestry]
   260 | D:1      | Reached XP level 2. HP: 19/22 MP: 4/4
  1508 | D:2      | Acquired Yredelemnul's second power
  1557 | D:2      | Reached XP level 3. HP: 27/27 MP: 5/5
  2647 | D:3      | Found a sparkling altar of Nemelex Xobeh.
  2668 | D:2      | HP: 1/27 [poisoned by an adder]
  2669 | D:2      | Reached skill level 4 in Long Blades
  2669 | D:2      | Gained mutation: You are partially covered in rugged brown scales (AC +1, +3% HP). [demonic ancestry]
  2669 | D:2      | Reached XP level 4. HP: 1/33 MP: 7/7
  4023 | D:3      | Gained mutation: You emit a foul stench. [demonic ancestry]
  4023 | D:3      | Reached XP level 5. HP: 15/39 MP: 8/8
  4027 | D:3      | Slain by a gnoll

Action                   |  1- 3 |  4- 6 || total
-------------------------+-------+-------++-------
Melee: Falchion          |   150 |    77 ||   227
Invok: Animate Remains   |     7 |     4 ||    11
       Recall Undead Sla |       |     1 ||     1
Evoke: Wand              |     1 |       ||     1
  Use: Potion            |     2 |       ||     2
       Scroll            |       |     6 ||     6
 Stab: Distracted        |     3 |       ||     3
       Sleeping          |       |     1 ||     1
  Eat: Bread ration      |     1 |       ||     1
       Chunk             |     2 |     2 ||     4
       Fruit             |       |     1 ||     1
       Pizza             |       |     1 ||     1
